 Dungeon Crawl Stone Soup version 0.18-a0-1805-g8ab820f (webtiles) character file.

45 barb4r1an the Insei (level 3, -3/26 HPs)
             Began as a Merfolk Transmuter on Apr 26, 2016.
             Slain by an adder (4 damage)
             ... on level 2 of the Dungeon.
             The game lasted 00:02:44 (1484 turns).

barb4r1an the Insei (Merfolk Transmuter)            Turns: 1484, Time: 00:02:45

Health: -3/26      AC:  2    Str: 10    XL:     3   Next: 64%
Magic:  6/6        EV: 13    Int: 13    God:
Gold:   44         SH:  0    Dex: 14    Spells: 2 memorised, 3 levels left

rFire  + . .     SeeInvis .       - Unarmed
rCold  x . .     Gourm    .     b - +0 robe
rNeg   . . .     Faith    .     (no shield)
rPois  .         Spirit   .     (no helmet)
rElec  .         Dismiss  .     (no cloak)
rCorr  .         Reflect  .     (no gloves)
SustAt +         Harm     .     (no boots)
MR     .....                    (no amulet)
Stlth  +.........               h - ring of sustain attributes
                                g - ring of fire

@: lethally poisoned (-3 -> -11), starving, not resistant to hostile
enchantments, very unstealthy
A: change form in water, swift swim
a: no special abilities


You were on level 2 of the Dungeon.
You were starving.

You visited 1 branch of the dungeon, and saw 2 of its levels.

You collected 44 gold pieces.

Inventory:

Missiles
 a - 26 arrows
Armour
 b - a +0 robe (worn)
 m - a +0 helmet
Jewellery
 g - a ring of fire (left hand)
 h - a ring of sustain attributes (right hand)
Scrolls
 i - a scroll of identify {unknown}
 j - a scroll of noise {unknown}
 k - a scroll of enchant weapon {unknown}
 l - 2 scrolls of remove curse {unknown}
Potions
 f - a potion of magic {unknown}
Books
 c - a book of Changes

   Spells                             Type                      Level
   a - Beastly Appendage              Transmutation                1
   b - Sticks to Snakes               Transmutation                2
   c - Spider Form                    Transmutation/Poison         3
   d - Ice Form                       Ice/Transmutation            4
   e - Blade Hands                    Transmutation                5
Comestibles
 d - 4 bread rations
 n - 2 meat rations


   Skills:
 + Level 1.4 Fighting
 + Level 3.3 Dodging
 + Level 3.8 Unarmed Combat
 + Level 2.2 Spellcasting
 + Level 3.5 Transmutations


You had 3 spell levels left.
You knew the following spells:

 Your Spells              Type           Power        Failure   Level  Hunger
a - Beastly Appendage     Trmt           ##....       8%          1    ##.....
b - Sticks to Snakes      Trmt           ##......     10%         2    ###....


Dungeon Overview and Level Annotations

Branches:
Dungeon (2/15)

Altars:


Message History

You barely miss the adder.
The adder is severely wounded.
The adder barely misses you. The adder misses you.
You barely miss the adder. You punch the adder, but do no damage.
The adder is severely wounded.
* * * LOW HITPOINT WARNING * * *
You feel sick. The adder closely misses you.
You closely miss the adder.
The adder is severely wounded.
The adder bites you.
* * * LOW HITPOINT WARNING * * *
You miss the adder.
The adder is severely wounded.
* * * LOW HITPOINT WARNING * * *
You feel sick. The adder barely misses you.
Your magical contamination has completely faded away.
You hit the adder. Your punch misses the adder.
The adder is severely wounded.
The adder bites you.
You die...

8._.8......# #.#
.8.8.......# #..
..8........#######
......#...........
...#..#.##.#####.
...##.#.##.# #.+
.. #.#.##.# #.# #.
#.###.# #. #....@+
#. #####S#
#+######g+
.....(...#
.......?.#
.........#
..^.=....#
.=........
...........


You could see an adder and a goblin.

Vanquished Creatures
  An adder (D:2)
  An ooze (D:1)
  A worm (D:2)
  A dart slug (D:1)
  A giant gecko (D:1)
  3 bats (D:1)
  2 giant cockroaches (D:1)
  3 goblins (D:1)
  3 hobgoblins (D:1)
  2 jackals (D:1)
  A giant newt (D:1)
  3 kobolds (D:1)
  3 rats (D:1)
25 creatures vanquished.

Notes
Turn   | Place    | Note
--------------------------------------------------------------
     0 | D:1      | barb4r1an the Merfolk Transmuter began the quest for the Orb.
     0 | D:1      | Reached XP level 1. HP: 15/15 MP: 3/3
     6 | D:1      | Noticed a soldier ant
     6 | D:1      | Noticed a komodo dragon
     7 | D:1      | Noticed an ettin
   230 | D:1      | Reached XP level 2. HP: 14/21 MP: 3/5
   819 | D:1      | Reached XP level 3. HP: 24/26 MP: 6/6
   823 | D:1      | Learned a level 2 spell: Sticks to Snakes
  1300 | D:2      | Found a faded altar to an unknown god.
  1483 | D:2      | HP: 1/26 [poisoned by an adder]
  1484 | D:2      | Slain by an adder

Vault maps used:
D:1:      onia_arrival_zoo_common, supply_closet_lemuel, minmay_misc_feat_x
D:2:      gammafunk_pakellas_cloud_experiment, ecumenical_altar_2,
          grunt_ministairs_2

Skill      XL: |  1 |
---------------+----+-----
Dodging        | 3 |  3.3
Transmutations | 3 |  3.5
Fighting       | |  1.4
Unarmed Combat | |  3.8
Spellcasting   | |  2.2

Action                   || total
-------------------------++-------
Melee: Unarmed           ||   132
       Headbutt          ||     6
       Punch             ||     2
 Cast: Beastly Appendage ||     9
  Use: Potion            ||     1
 Stab: Sleeping          ||     2
Armor: Robe              ||    30
Dodge: Dodged            ||   110
